 Dungeon Crawl Stone Soup version 0.31-a0-95-g6fa058ef04 (webtiles) character file.

Game seed: 3636202515781414846

4683 bande the Cleaver (level 10, 0/60 HPs)
             Began as a Gargoyle Fighter on May 25, 2023.
             Was an Elder of Okawaru.
             Slain by a death yak (16 damage)
             ... on level 8 of the Dungeon on May 26, 2023.
             The game lasted 00:13:42 (8151 turns).

bande the Cleaver (Gargoyle Fighter)                Turns: 8151, Time: 00:13:43

Health: 0/60       AC: 26    Str: 20    XL:     10   Next: 44%
Magic:  14/14      EV:  5    Int:  9    God:    Okawaru [****..]
Gold:   376        SH:  9    Dex: 13    Spells: 7/9 levels left

rFire   . . .        a - +1 war axe (flame)
rCold   . . .        x - +0 kite shield
rNeg    + . .        t - +0 plate armour
rPois   ∞            v - +3 hat "Tyjass" {Slay+5}
rElec   +            (no cloak)
rCorr   +            f - +2 pair of gloves
SInv    .            (no boots)
Will    .....        i - amulet of regeneration Stlth
                     l - ring of resist corrosion
HPRegen 1.10/turn    w - +4 ring of slaying
MPRegen 0.14/turn

%: no passive effects
@: no status effects
A: sickness immunity, AC +7, negative energy resistance 1, electricity
resistance, torment resistance 1, petrification resistance
a: Renounce Religion, Heroism, Finesse


You were on level 8 of the Dungeon.
You worshipped Okawaru.
Okawaru was greatly pleased with you.
You visited 2 branches of the dungeon, and saw 9 of its levels.

You collected 1457 gold pieces.
You spent 1081 gold pieces at shops.

Inventory:

Hand Weapons
 a - a +1 war axe of flaming (weapon)
 y - a +0 orcbow
Missiles
 o - a throwing net (quivered)
Armour
 f - a +2 pair of gloves (worn)
 t - a +0 plate armour (worn)
 v - the +3 hat "Tyjass" (worn) {Slay+5}
   (You acquired it on level 6 of the Dungeon)

   Slay:      It affects your accuracy & damage with ranged weapons and melee
   (+5).
 x - a +0 kite shield (worn)
Jewellery
 i - an amulet of regeneration (around neck)
 l - a ring of resist corrosion (left hand)
 w - a +4 ring of slaying (right hand)
Wands
 b - a wand of polymorph (4)
 e - a wand of flame (30)
 m - a wand of paralysis (10)
 s - a wand of digging (5)
Scrolls
 j - a scroll of enchant weapon
 k - 3 scrolls of teleportation
 p - a scroll of enchant armour
 u - 2 scrolls of blinking
Potions
 c - a potion of magic {unknown}
 d - 3 potions of might
 g - a potion of invisibility {unknown}
 h - 5 potions of curing
 n - a potion of heal wounds {unknown}
 q - a potion of mutation {unknown}
 r - 2 potions of haste


   Skills:
 + Level 6.1 Fighting
 + Level 8.1 Axes
 + Level 6.7 Armour
 - Level 0.1 Stealth
 + Level 6.0 Shields
 * Level 4.4 Translocations
 * Level 5.3 Invocations
 * Level 4.5 Evocations


You had 7 spell levels left.
You knew the following spells:

 Your Spells              Type           Power      Damage    Failure   Level
a - Blink                 Tloc           16%        N/A       99%         2

Your spell library contained the following spells:

 Spells                   Type           Power      Damage    Failure   Level
 Lesser Beckoning         Tloc           16%        N/A       99%         2
 Ensorcelled Hibernation  Hex/Ice        0%         N/A       100%        2
 Momentum Strike          Conj/Tloc      8%         3d8       100%        2
 Passwall                 Tmut/Erth      0%         N/A       100%        2
 Portal Projectile        Hex/Tloc       8%         N/A       100%        3
 Swiftness                Air            0%         N/A       100%        3
 Leda's Liquefaction      Hex/Erth       0%         N/A       100%        4
 Eringya's Noxious Bog    Tmut/Pois      0%         N/A       100%        6
 Call Canine Familiar     Summ           Unusable   N/A       N/A         3
 Summon Forest            Summ/Tloc      Unusable   N/A       N/A         5
 Summon Hydra             Summ           Unusable   N/A       N/A         7

Dungeon Overview and Level Annotations

Branches:
Dungeon (8/15)             Temple (1/1) D:4
   Lair: D:8-11

Altars:
Ashenzari
Cheibriados
Dithmenos
Elyvilon
Fedhas
Gozag
Hepliaklqana
Kikubaaqudgha
Makhleb
Nemelex Xobeh
Okawaru
Qazlal
Ru
Sif Muna
Trog
Uskayaw
Vehumet
Wu Jian
Xom
Yredelemnul
Zin
The Shining One

Shops:
D:2 :   D:6 [[==


Innate Abilities, Weirdness & Mutations

You are immune to sickness and miasma.
Your stone body is resilient. (AC +7)
You are immune to poison.
You resist negative energy. (rN+)
You are resistant to electric shocks. (rElec)
You are resistant to unholy torment.
You are immune to petrification.


Message History

The death yak gores you but does no damage.
The death yak attacks as you move away!
The death yak gores you but does no damage.
You see here 15 gold pieces.
The death yak attacks as you move away! The death yak closely misses you.
You block the death yak's attack.
The death yak bellows!
You hit the death yak. You burn the death yak.
The death yak is lightly wounded.
The death yak gores you. The death yak gores you!
You slash the death yak! You burn the death yak.
The death yak is moderately wounded.
The death yak gores you but does no damage.
You slash the death yak! You burn the death yak.
The death yak is moderately wounded.
The death yak barely misses you.
You hit the death yak. You burn the death yak.
The death yak is heavily wounded.
A quokka comes into view.
The death yak gores you!!
You barely miss the death yak.
The death yak is heavily wounded.
The death yak gores you!
You hit the death yak. You burn the death yak.
The death yak is heavily wounded.
The death yak gores you but does no damage.
The death yak gores you!
* * * LOW HITPOINT WARNING * * *
You hit the death yak. You burn the death yak.
The death yak is heavily wounded.
The death yak barely misses you.
The death yak snorts and paws the ground.
You barely miss the death yak.
The death yak is heavily wounded.
The death yak gores you.
* * * LOW HITPOINT WARNING * * *
You hit the death yak. You burn the death yak.
The death yak is heavily wounded.
The death yak gores you!
You die...

# ### #.# ### # #.#
#######
......##########
...........>...#######.
######....####.........
####.......######.
#######.####
#.@YY###.#.##
####Y)).....#
#..).....# #..........
#.......... .......<...
###########.


You could see 3 death yaks.

Vanquished Creatures
  Joseph (D:8)
  Grum (D:8)
  Edmund (D:5)
  2 sky beasts (D:6)
  A water moccasin (D:3)
  4 orc warriors
  5 ogres
  4 wolves (D:8)
  3 kobold brigands (D:8)
  2 bullfrogs
  4 scorpions
  A gnoll sergeant (D:6)
  5 wights (D:5)
  11 killer bees
  3 electric eels (D:7)
  4 hounds (D:5)
  2 orc priests (D:8)
  5 gnoll boudas (D:8)
  A sleepcap (D:8)
  6 iguanas
  8 orc wizards
  Terence (D:2)
  22 gnolls
  7 adders
  3 shadow imps
  3 white imps
  An ufetubus (D:5)
  A worm (D:3)
  11 dart slugs
  25 orcs
  6 endoplasms
  3 giant cockroaches
  7 goblins
  9 hobgoblins
  2 jackals (D:4)
  7 kobolds
  7 quokkas
  10 ball pythons
  8 bats
  13 frilled lizards
  10 rats
230 creatures vanquished.

Vanquished Creatures (others)
  A dart slug (D:7)
1 creature vanquished.

Grand Total: 231 creatures vanquished

Notes
Turn   | Place    | Note
-------+----------+-------------------------------------------
     0 | D:1      | bande the Gargoyle Fighter began the quest for the Orb.
     0 | D:1      | Reached XP level 1. HP: 14/14 MP: 1/1
   143 | D:1      | Reached XP level 2. HP: 19/19 MP: 2/2
   246 | D:1      | Reached skill level 2 in Axes
   246 | D:1      | Reached XP level 3. HP: 23/23 MP: 3/3
   552 | D:1      | Found a faded altar of an unknown god.
  1064 | D:2      | Reached XP level 4. HP: 29/29 MP: 4/4
  1193 | D:2      | Noticed Terence
  1203 | D:2      | Killed Terence
  1217 | D:2      | Found Ufuuwk's Vocational Training.
  1230 | D:2      | Reached skill level 3 in Axes
  1230 | D:2      | Reached XP level 5. HP: 4/33 MP: 5/5
  2004 | D:3      | Identified the +1 leather armour "Koemo" {Rampage rElec}
  2309 | D:3      | Noticed a water moccasin
  2327 | D:3      | Killed a water moccasin
  2328 | D:3      | Reached skill level 4 in Axes
  2328 | D:3      | Reached XP level 6. HP: 26/38 MP: 6/6
  3150 | D:4      | Learned a level 2 spell: Blink
  3251 | D:4      | Found a staircase to the Ecumenical Temple.
  3277 | Temple   | Entered the Ecumenical Temple
  3285 | Temple   | Became a worshipper of Warmaster Okawaru
  3364 | D:4      | Identified a scroll of acquirement
  3364 | D:4      | Acquired 839 gold pieces
  3445 | D:4      | Found a shadowy altar of Dithmenos.
  3774 | D:5      | Entered Level 5 of the Dungeon
  4179 | D:4      | Reached XP level 7. HP: 14/44 MP: 7/7
  4308 | D:5      | Found an opulent altar of Gozag.
  4343 | D:5      | Reached skill level 1 in Invocations
  4364 | D:5      | Reached skill level 1 in Translocations
  4469 | D:5      | Reached skill level 1 in Evocations
  4472 | D:5      | Reached skill level 5 in Axes
  4496 | D:5      | Reached * piety under Okawaru
  4497 | D:5      | Reached skill level 5 in Armour
  4527 | D:5      | Reached XP level 8. HP: 21/48 MP: 9/9
  4731 | D:5      | Found a blossoming altar of Fedhas.
  4969 | D:5      | Found an ancient bone altar of Kikubaaqudgha.
  4992 | D:5      | Noticed Edmund
  5018 | D:5      | Killed Edmund
  5019 | D:5      | Reached skill level 5 in Fighting
  5460 | D:6      | Acquired the +3 hat "Tyjass" {Slay+5}
  5486 | D:6      | Reached skill level 5 in Shields
  5693 | D:6      | Found Letwume's Antique Armour Emporium.
  5756 | D:6      | Found Pypsat's Jewellery Shop.
  5761 | D:6      | Reached skill level 6 in Axes
  5902 | D:6      | Bought a +4 ring of slaying for 1014 gold pieces
  5980 | D:6      | Reached ** piety under Okawaru
  6097 | D:6      | Reached XP level 9. HP: 54/54 MP: 11/11
  6102 | D:6      | Found Ygusaema's Jewellery Boutique.
  6176 | D:6      | Found Etumid's Armour Shoppe.
  6181 | D:6      | Bought a +0 kite shield for 67 gold pieces
  6884 | D:7      | Reached *** piety under Okawaru
  7441 | D:8      | Reached skill level 7 in Axes
  7645 | D:8      | Noticed Grum
  7654 | D:8      | Reached XP level 10. HP: 20/60 MP: 13/13
  7661 | D:8      | Reached **** piety under Okawaru
  7670 | D:8      | Killed Grum
  7744 | D:8      | Reached skill level 5 in Invocations
  8032 | D:8      | Found a broken altar of Ashenzari.
  8062 | D:8      | Noticed Joseph
  8064 | D:8      | Paralysed by Joseph for 4 turns
  8070 | D:8      | Paralysed by Joseph for 3 turns
  8079 | D:8      | Paralysed by Joseph for 4 turns
  8084 | D:8      | Killed Joseph
  8085 | D:8      | Reached skill level 8 in Axes
  8131 | D:8      | Noticed a death yak
  8131 | D:8      | Noticed a death yak
  8139 | D:8      | Noticed a death yak
  8151 | D:8      | Slain by a death yak

Illustrated notes

Levels and vault maps discovered:
D:1:      dpeg_arrival_arbitrary_a, layout_basic,
          ebering_ecumenical_altar_abandoned
D:2:      cheibrodos_old_hovel, layout_basic, nicolae_shop_vocational,
          uniq_terence
D:3:      minmay_recursive_quarters, layout_basic, hangedman_decor_slide_cut
D:4:      layout_cave_pools, grunt_dithmenos_smoke_and_mirrors,
          minmay_temple_entry_overgrown, serial_rivers,
          chequers_serial_rivers_room_a, chequers_serial_rivers_micro_c,
          chequers_serial_rivers_large_b, chequers_serial_rivers_room_b,
          chequers_serial_rivers_micro_d, feat_on_display
D:5:      layout_cave_pools, mainiacjoe_overflow_boulevard,
          amcnicky_altar_gilded, nicolae_gozag_cash_rules_everything_around_me,
          minmay_lizard_king, uniq_edmund
D:6:      layout_gridville, serial_shops,
          nicolae_shop_temple_entry_statues_fountains, shop_fountains, shop,
          shop, serial_bayou_crossing
D:7:      kennysheep_slugbush, layout_cave_pools
D:8:      kennysheep_seaside_town, layout_rooms, ashenzari_conservatory_becter,
          dpeg_lair_monsters, uniq_joseph, uniq_grum
Temple:   sentei_temple_godly_chess

Skill      XL: |  1  2  3  4  5  6  7  8  9 10 |
---------------+-------------------------------+-----
Axes           | 2 3 4 5 6 7 8 |  8.1
Armour         | 4 5 6 |  6.7
Shields        | 4 5 6 |  6.0
Fighting       | 4 5 6 |  6.1
Invocations    | 2 3 4 5 |  5.3
Translocations | 1 2 4 |  4.4
Evocations     | 1 2 4 |  4.5
Stealth        | |  0.1

Action                     |  1- 3 |  4- 6 |  7- 9 | 10-12 || total
---------------------------+-------+-------+-------+-------++-------
  Melee: War axe           |   133 |   196 |   269 |    73 ||   671
    Use: Scroll            |     5 |     5 |     2 |     1 ||    13
         Potion            |       |       |       |     2 ||     2
 Armour: Scale mail        |    75 |   149 |    29 |       ||   253
         Plate armour      |       |       |   265 |    41 ||   306
  Dodge: Dodged            |    77 |    95 |    84 |    21 ||   277
  Block: Buckler           |    40 |    78 |    48 |       ||   166
         Kite shield       |       |       |    89 |    43 ||   132

Table legend: (Time is in decaauts)
 A = Elapsed time spent in this place.
 B = Non-inter-level travel time spent in this place.
 C = Inter-level travel time spent in this place.
 D = Time resting spent in this place.
 E = Time spent auto-exploring this place.
 F = Levels seen in this place.
 G = Mean time per level.
                   A        B        C        D        E       F      G
               +--------+--------+--------+--------+--------+-----+--------+
         Total |   8448 |   8320 |    128 |   2177 |   4329 |   9 |  938.7 |
       Dungeon |   8433 |   8305 |    128 |   2177 |   4329 |   8 | 1054.1 |
        Temple |     14 |     14 |      0 |      0 |      0 |   1 |   14.0 |
               +--------+--------+--------+--------+--------+-----+--------+

Top non-repeatable levels by time:
     D:6: 1368 daAuts
     D:4: 1257 daAuts
     D:2: 1235 daAuts
     D:5: 1181 daAuts
     D:3: 1128 daAuts
     D:1: 820 daAuts
     D:8: 743 daAuts
     D:7: 698 daAuts
  Temple: 14 daAuts
